Map: Acid Plant LE

Players

Future - Winner!

  • Race: Terran Terran
  • Spawn Location: 11:00

Mackintac

  • Race: Zerg Zerg
  • Spawn Location: 5:00

Event: WCS Austin 2018

VOD

Have the link to the VOD?

Description

Time

  • Played on: June 1, 2018, 3:44 p.m.
  • Length: 11:01

All games in this series

Show
View Real Time Build Order
Export as new Build Order

Future Terran - Winner!

Build Orders: Reaper Expand, MMM Bio 

Get SALT Encoding   

  12  0:00  SCV  
  13  0:12  SCV  
  14  0:17  Supply Depot  
  14  0:25  SCV  
  15  0:38  SCV  
  15  0:40  Barracks  
  16  0:44  Refinery  
  16  0:51  SCV  
  17  1:03  SCV  
  18  1:15  SCV  
  19  1:29  Orbital Command, Reaper  
  20  1:41  Command Center  
  20  1:52  Barracks  
  20  1:57  SCV  
  21  2:01  Barracks Reactor  
  21  2:09  SCV  
  21  2:13  Supply Depot  
  22  2:16  Refinery  
  22  2:21  SCV  
  23  2:27  Factory  
  23  2:35  SCV  
  24  2:39  Marine x2  
  24  2:44  Barracks Tech Lab  
  26  2:47  SCV  
  27  2:55  Orbital Command  
  27  3:00  Marine x2  
  27  3:04  Stimpack  
  29  3:07  Marine  
  30  3:17  Starport  
  30  3:18  Marine  
  30  3:19  Marine  
  32  3:25  Marine, Factory Reactor  
  33  3:28  SCV  
  33  3:30  SCV  
  34  3:36  Marine  
  34  3:37  Marine  
  37  3:41  SCV  
  37  3:42  SCV  
  37  3:43  Marine  
  37  3:45  Supply Depot  
  39  3:53  SCV  
  39  3:54  Marine, SCV  
  39  3:55  Marine  
  43  4:01  Marine  
  44  4:06  Medivac x2  
  44  4:09  Supply Depot, SCV  
  49  4:10  SCV  
  49  4:14  Marine x2  
  52  4:18  Marine  
  52  4:21  SCV  
  52  4:24  Supply Depot  
  54  4:30  SCV  
  55  4:31  Engineering Bay  
  55  4:33  SCV  
  55  4:34  Engineering Bay  
  56  4:43  SCV  
  56  4:45  Marine x2  
  59  4:51  SCV  
  60  4:54  Marine, Supply Depot  
  60  4:55  SCV  
  60  4:57  Supply Depot  
  60  4:59  Terran Infantry Weapons Level 1  
  62  5:00  Terran Infantry Armor Level 1  
  62  5:03  Marine x2, SCV  
  65  5:07  SCV  
  65  5:11  Combat Shields  
  65  5:12  Marine  
  67  5:15  SCV  
  67  5:19  SCV  
  69  5:25  Command Center  
  69  5:27  Marine x2  
  71  5:30  Marine  
  68  5:43  SCV x2  
  68  5:45  Marine x2  
  68  5:46  Barracks  
  68  5:47  Marine  
  68  5:49  Barracks  
  73  5:51  Barracks  
  73  5:52  Refinery  
  73  5:54  Refinery  
  73  5:55  Medivac x2  
  77  5:57  SCV  
  77  5:58  SCV  
  79  6:05  Marine x2  
  79  6:08  Armory  
  79  6:09  SCV  
  79  6:10  SCV  
  83  6:14  Marine  
  83  6:16  Factory Reactor  
  84  6:21  SCV  
  84  6:22  Supply Depot, SCV  
  84  6:24  Supply Depot  
  86  6:36  Marine x3  
  91  6:41  Barracks Reactor x3  
  91  6:42  Orbital Command  
  89  6:52  Supply Depot  
  89  6:54  Marine x3, Supply Depot  
  90  7:05  Widow Mine x2  
  91  7:08  Medivac x2  
  91  7:10  Orbital Command  
  91  7:11  Marine  
  91  7:12  Marine x2  
  91  7:14  SCV  
  91  7:15  SCV  
  100  7:22  Marine x6  
  101  7:25  Terran Infantry Weapons Level 2  
  101  7:26  Widow Mine x2  
  101  7:29  Marine x3  
  108  7:30  Terran Infantry Armor Level 2  
  108  7:31  SCV x2  
  108  7:36  SCV  
  114  7:40  Marine x4  
  114  7:41  Marine  
  114  7:43  SCV  
  120  7:47  Supply Depot x2  
  120  7:49  Marine x2  
  120  7:50  Marine  
  120  7:51  Marine  
  117  7:57  Widow Mine x2  
  117  7:58  SCV  
  116  8:02  SCV x2  
  117  8:06  Marine x2  
  117  8:07  Marine x4  
  117  8:10  SCV  
  124  8:16  Medivac x2  
  124  8:17  Marine x2  
  130  8:26  Marine x2  
  131  8:27  Supply Depot  
  131  8:28  Supply Depot x2  
  131  8:29  Marine x3  
  131  8:30  Supply Depot  
  134  8:34  Marine x2  
  134  8:35  Widow Mine x2  
  140  8:42  Terran Vehicle And Ship Armor Level 1  
  140  8:45  SCV x2  
  140  8:47  Marine x5  
  147  8:53  Supply Depot  
  147  8:54  Supply Depot  
  147  8:57  Widow Mine x2  
  147  9:02  Marauder  
  153  9:06  Marine x8  
  126  9:17  Barracks  
  126  9:18  Barracks  
  126  9:19  Barracks  
  126  9:24  Marauder, Marine x5  
  122  9:25  Widow Mine x2  
  122  9:26  Marine  
  122  9:28  Medivac  
  122  9:29  Medivac  
  132  9:31  Marine x2  
  133  9:41  Marine  
  133  9:42  Marine x4  
  133  9:45  Marauder  
  136  9:46  Missile Turret  
  136  9:47  Missile Turret x2  
  129  9:53  Marine  
  129  9:54  Marine x2  
  132  10:05  Barracks Tech Lab  
  132  10:06  Barracks Tech Lab  
  130  10:11  Marine  
  130  10:12  Marine  
  132  10:17  Marine x3  
  132  10:21  Barracks Tech Lab  
  135  10:22  Command Center  
  135  10:23  Missile Turret  
  135  10:24  Missile Turret  
  135  10:25  Missile Turret  
  135  10:27  Marauder x2, Marine x3  
  142  10:36  Marine  
  142  10:37  Marauder, Marine x4  
  142  10:39  Widow Mine  
Show
View Real Time Build Order
Export as new Build Order

Mackintac Zerg 

Build Orders: Hatch First, Muta Ling Bane 

Get SALT Encoding   

  12  0:00  Drone  
  13  0:12  Overlord  
  13  0:17  Drone  
  14  0:31  Drone x2  
  14  0:34  Drone  
  17  0:51  Hatchery  
  17  0:54  Drone  
  17  0:57  Drone  
  17  0:59  Extractor  
  17  1:13  Spawning Pool  
  17  1:16  Drone  
  17  1:21  Drone  
  18  1:29  Drone  
  19  1:42  Drone  
  20  2:01  Queen  
  20  2:02  Metabolic Boost  
  20  2:04  Zergling x4  
  20  2:06  Queen  
  26  2:09  Drone  
  26  2:13  Drone  
  28  2:24  Overlord  
  28  2:29  Spore Crawler  
  27  2:31  Drone  
  27  2:34  Spore Crawler  
  28  2:38  Drone, Extractor  
  28  2:43  Hatchery  
  28  2:54  Drone x4  
  28  2:56  Overlord  
  32  3:01  Queen  
  32  3:04  Drone  
  35  3:21  Drone x4  
  35  3:22  Overlord  
  39  3:32  Queen  
  39  3:33  Drone x2  
  43  3:40  Queen  
  45  3:45  Overlord  
  45  3:47  Drone x5  
  50  3:59  Queen  
  50  4:01  Drone x3  
  50  4:02  Drone x2  
  57  4:06  Overlord  
  57  4:09  Drone x3  
  60  4:13  Queen  
  62  4:22  Overlord  
  62  4:23  Overlord  
  62  4:28  Zergling x8  
  62  4:29  Zergling x2  
  67  4:35  Zergling x2  
  67  4:36  Queen, Zergling x2  
  71  4:39  Zergling x2  
  71  4:44  Overlord  
  71  4:45  Zergling x6  
  75  4:48  Queen  
  75  4:50  Zergling x2  
  75  4:51  Zergling x6  
  81  5:08  Drone x3  
  81  5:13  Queen, Extractor  
  85  5:17  Hatchery  
  85  5:19  Overlord  
  85  5:20  Drone x2  
  85  5:21  Drone x3  
  84  5:37  Drone x2  
  84  5:39  Lair  
  86  5:44  Hatchery  
  86  5:48  Zergling x6  
  86  5:49  Zergling x18  
  97  6:02  Queen  
  98  6:21  Overlord x3  
  98  6:22  Overlord x3  
  98  6:27  Evolution Chamber  
  98  6:28  Evolution Chamber  
  98  6:31  Queen  
  98  6:34  Drone x3  
  98  6:44  Drone x3  
  101  6:49  Extractor x2  
  101  6:50  Drone x2  
  101  6:51  Drone x4  
  101  6:52  Drone x2  
  107  6:54  Drone x2  
  107  6:56  Extractor x2  
  95  7:04  Zergling x20  
  95  7:05  Zergling x10  
  99  7:09  Queen  
  99  7:10  Queen  
  95  7:24  Zergling x2  
  95  7:25  Zergling x20  
  95  7:28  Zerg Ground Armor Level 1, Zerg Melee Weapons Level 1  
  104  7:32  Drone  
  105  7:40  Spire  
  105  7:42  Zergling x4  
  105  7:43  Zergling x12  
  97  7:55  Zergling x6  
  97  7:56  Zergling x6  
  89  8:07  Baneling Nest, Drone x3  
  89  8:10  Hatchery  
  91  8:13  Drone x2  
  91  8:14  Zergling x8  
  95  8:25  Zergling x12  
  101  8:35  Overlord  
  101  8:37  Zergling x2  
  101  8:38  Zergling x4  
  101  8:39  Zergling x10  
  109  8:50  Zergling x12  
  109  8:51  Centrifical Hooks, Zergling x8  
  109  8:53  Baneling x3  
  109  8:54  Baneling x13  
  119  8:58  Overseer  
  69  9:19  Zergling x14  
  69  9:20  Zergling x14  
  75  9:31  Queen  
  75  9:32  Queen  
  75  9:33  Mutalisk x8  
  75  9:34  Mutalisk x4  
  91  9:45  Queen  
  85  9:55  Drone x3  
  85  9:56  Drone x2  
  90  10:03  Hatchery  
  90  10:04  Queen  
  90  10:05  Drone x3  
  90  10:06  Drone  
  95  10:10  Drone x2  
  97  10:19  Baneling x2  
  97  10:20  Baneling x8  
  97  10:21  Baneling  
  97  10:32  Zergling x2  
  97  10:33  Zergling x14  
  97  10:35  Baneling x3  
  105  10:36  Baneling  
Tags
 
Add a new tag
Caveats
  • Supply blocks, unpowered buildings, or Contaminate may cause inaccurate times.
  • Supply counts are checked every 10 seconds.